cohdb
Replays
Latest Replays
All Replays
Popular Replays
Top Player Replays
Match Explorer
How It Works
Community
CoH3 Stats
Reddit
Sign in to upload your games and track your stats! →
Sign in with Steam
Match 41116434
Unlisted
Match 41116434
Overview
Messages
Build Orders
End
Pioneer Squad
Construct Infanterie Kompanie
Grenadier Squad
Grenadier Squad
MG 42 Machine Gun Team
Infanterie Officer Quarters
Construct Panzergrenadier Kompanie
Selects Mechanized Battlegroup
Panzergrenadier Squad
Selects Raid Package
Panzergrenadier Officer Quarters
Medical Bunker
Panzergrenadier Squad
Pak 40 Anti-tank Gun Team
Selects StuG Assault Group
Pak 40 Anti-tank Gun Team
StuG Assault Group
^3
OverlordCZ
0
0
Comments
sign in to comment!
No comments posted yet!